Map: Sanctuary III LE

Players

Geralt (Gerald) - Winner!

  • Race: Protoss Protoss
  • League: Grandmaster
  • Spawn Location: 7:00

Cellsidus

  • Race: Zerg Zerg
  • League: Grandmaster
  • Spawn Location: 1:00

Event: HomeStory Cup XXIX

VOD

Have the link to the VOD?

Description

Time

  • Played on: July 4, 2026, 8:29 a.m.
  • Length: 10:10

All games in this series

Show
View Real Time Build Order
Export as new Build Order

Geralt Protoss - Winner!

Build Orders: Oracle Opening 

Get SALT Encoding   

  8  0:00  Probe  
  9  0:12  Probe  
  10  0:24  Probe (Chrono Boost)  
  11  0:30  Pylon  
  12  0:36  Probe (Chrono Boost)  
  12  0:43  Probe (Chrono Boost)  
  13  0:50  Probe  
  14  0:59  Gateway  
  14  1:03  Probe  
  15  1:15  Probe  
  15  1:16  Assimilator  
  16  1:22  Pylon  
  16  1:27  Probe  
  17  1:39  Probe  
  18  1:54  Nexus  
  18  1:57  Probe  
  19  2:07  Cybernetics Core  
  19  2:11  Probe  
  20  2:18  Pylon  
  20  2:22  Assimilator  
  20  2:26  Probe  
  21  2:39  Probe  
  21  2:40  Adept (Chrono Boost)  
  24  2:51  Probe (Chrono Boost)  
  25  3:02  Probe (Chrono Boost)  
  26  3:06  Probe (Chrono Boost)  
  26  3:08  Stargate  
  29  3:13  Gateway  
  30  3:26  Pylon  
  29  3:29  Probe  
  29  3:30  Shield Battery  
  30  3:40  Probe, Pylon  
  30  3:53  Oracle (Chrono Boost)  
  29  4:16  Probe  
  22  4:17  Probe  
  20  4:28  Probe  
  15  4:43  Probe x2  
  15  4:56  Probe  
  12  5:16  Oracle (Chrono Boost)  
  13  5:28  Probe  
  14  5:36  Probe  
  16  5:52  Pylon  
  16  5:56  Probe (Chrono Boost)  
  17  6:07  Probe (Chrono Boost)  
  17  6:10  Probe (Chrono Boost)  
  18  6:16  Probe (Chrono Boost)  
  18  6:18  Probe (Chrono Boost)  
  20  6:27  Probe (Chrono Boost)  
  22  6:36  Probe (Chrono Boost)  
  22  6:38  Probe (Chrono Boost)  
  23  6:43  Probe (Chrono Boost)  
  23  6:44  Probe (Chrono Boost)  
  25  6:51  Adept  
  25  6:54  Probe  
  28  6:57  Probe  
  29  7:04  Warp Gate (Chrono Boost)  
  29  7:06  Probe  
  30  7:09  Probe  
  30  7:15  Adept  
  31  7:22  Shield Battery  
  33  7:24  Probe  
  33  7:26  Probe  
  35  7:37  Probe  
  36  7:38  Pylon  
  36  7:40  Probe  
  37  7:45  Stalker  
  39  7:53  Probe x2, Pylon  
  41  7:59  Adept  
  43  8:10  Gateway  
  43  8:11  Pylon  
  42  8:24  Pylon  
  42  8:25  Probe  
  40  8:29  Probe  
  37  8:38  Probe  
  37  8:41  Probe  
  38  8:50  Probe  
  38  8:53  Probe  
  40  8:58  Adept  
  40  9:02  Probe (Chrono Boost)  
  43  9:07  Probe (Chrono Boost)  
  44  9:10  Stalker  
  44  9:16  Probe (Chrono Boost)  
  48  9:17  Probe (Chrono Boost)  
  48  9:20  Probe (Chrono Boost)  
  49  9:31  Twilight Council  
  49  9:35  Probe  
  49  9:36  Adept  
  49  9:37  Adept  
  54  9:40  Pylon  
  54  9:50  Probe, Sentry  
  54  9:52  Probe  
Show
View Real Time Build Order
Export as new Build Order

Cellsidus Zerg 

Build Orders: Hatch First 

Get SALT Encoding   

  8  0:00  Drone  
  9  0:10  Drone  
  10  0:16  Drone  
  11  0:22  Drone  
  12  0:33  Overlord  
  12  0:51  Drone x3  
  15  1:08  Drone  
  16  1:23  Extractor  
  15  1:29  Hatchery  
  14  1:34  Spawning Pool  
  14  1:37  Drone  
  14  1:40  Drone  
  14  1:45  Drone  
  16  1:50  Drone  
  17  1:59  Drone  
  18  2:21  Zergling x4  
  20  2:25  Metabolic Boost  
  20  2:34  Overlord  
  20  2:40  Queen  
  20  2:41  Zergling x4  
  24  2:53  Zergling x4  
  26  3:02  Zergling x4  
  28  3:12  Zergling x4  
  30  3:19  Zergling x2  
  29  3:39  Zergling x6  
  22  3:59  Zergling x6  
  25  4:07  Zergling x2  
  23  4:13  Zergling x2  
  21  4:21  Drone  
  18  4:39  Drone x2  
  17  4:47  Zergling x4  
  18  4:54  Zergling x2  
  18  5:02  Zergling x4  
  20  5:08  Drone  
  21  5:16  Zergling x4  
  21  5:28  Spore Crawler  
  19  5:32  Drone x2  
  20  5:39  Spore Crawler  
  17  5:44  Zergling x2  
  18  5:50  Drone  
  19  5:57  Drone  
  19  6:00  Drone  
  19  6:03  Drone  
  22  6:09  Drone x2  
  23  6:19  Drone  
  23  6:24  Drone x2  
  24  6:33  Drone x2  
  24  6:38  Baneling Nest  
  25  6:42  Drone  
  26  6:47  Zergling x2  
  26  6:48  Zergling x2  
  26  6:51  Zergling x2  
  26  6:52  Zergling x2  
  30  6:57  Zergling x4  
  32  7:08  Overlord  
  32  7:27  Zergling x16  
  40  7:35  Overlord  
  40  7:46  Baneling x8  
  40  7:56  Zergling x12  
  46  8:05  Baneling x2  
  46  8:07  Overlord  
  39  8:23  Zergling x2  
  39  8:24  Zergling x12  
  39  8:39  Zergling x8  
  39  8:49  Zergling x8  
  39  8:54  Zergling x2  
  39  9:03  Zergling x4  
  39  9:10  Zergling x2  
  40  9:21  Zergling x4  
  40  9:33  Baneling x5  
  40  9:34  Zergling x8  
  43  9:41  Zergling x2  
  43  9:43  Baneling  
Tags
 
Add a new tag
Caveats
  • Supply blocks, unpowered buildings, or Contaminate may cause inaccurate times.
  • Supply counts are checked every 10 seconds.